 Dungeon Crawl Stone Soup version 0.27-a0-1006-g1fd4cec11e (webtiles) character file.

Game seed: 10694338483610530217

2069 BlueFish the Covert (level 9, -1/68 HPs)
             Began as a Vampire Delver on Apr 17, 2021.
             Slain by a wraith (7 damage)
             ... on level 7 of the Dungeon on Apr 18, 2021.
             The game lasted 00:17:56 (5530 turns).

BlueFish the Covert (Vampire Delver)                Turns: 5530, Time: 00:17:56

Health: -1/68      AC:  9    Str: 11    XL:     9   Next: 5%
Magic:  12/12      EV: 13    Int: 13    God:
Gold:   346        SH:  0    Dex: 18    Spells: 10/13 levels left

rFire    . . .     SeeInvis +   a - +1 short sword
rCold    . . .     Faith    .   (no shield)
rNeg     . . .     Spirit   .   z - +0 acid dragon scales
rPois    .         Reflect  .   (no helmet)
rElec    .         Harm     .   (no cloak)
rCorr    +         Rampage  .   m - +0 pair of gloves
Will     .....                  t - +1 pair of boots
Stlth    ++++......             n - amulet of the acrobat
HPRegen  0.41/turn              (no ring)
MPRegen  0.13/turn              (no ring)

@: regenerating quickly, slowed, very slow
A: alive, fangs 3, see invisible, unbreathing 1, vampiric 2
a: Exsanguinate


You were on level 7 of the Dungeon.
You visited 2 branches of the dungeon, and saw 8 of its levels.

You collected 346 gold pieces.

Inventory:

Hand Weapons
 a - a +1 short sword (weapon)
Missiles
 v - 4 curare-tipped darts (quivered)
Armour
 m - a +0 pair of gloves (worn)
 t - a +1 pair of boots (worn)
 z - +0 acid dragon scales (worn)
Jewellery
 n - an amulet of the acrobat (around neck)
 q - an amulet of faith
 y - an amulet of guardian spirit
Wands
 f - a wand of polymorph (9)
 g - a wand of digging (3)
 o - a wand of flame (14)
Scrolls
 c - 5 scrolls of fog
 d - a scroll of magic mapping
 e - 2 scrolls of fear
 i - a scroll of enchant weapon
 k - 2 scrolls of torment
 l - 3 scrolls of teleportation
 p - 2 scrolls of immolation
 r - a scroll of identify
 w - 3 scrolls of amnesia
 x - a scroll of summoning
Potions
 h - a potion of brilliance
 j - a potion of resistance
 u - a potion of mutation


   Skills:
 * Level 5.0 Fighting
 * Level 7.7 Short Blades
 + Level 2.6 Armour
 * Level 5.0 Dodging
 * Level 10.5 Stealth
 * Level 2.5 Spellcasting
 * Level 4.0 Hexes


You had 10 spell levels left.
You knew the following spells:

 Your Spells              Type           Power      Damage    Failure   Level
a - Confusing Touch       Hex            12%        N/A       21%         3

Your spell library contained the following spells:

 Spells                   Type           Power      Damage    Failure   Level
 Gell's Gravitas          Tloc           0%         N/A       73%         3
 Petrify                  Tmut/Erth      1%         N/A       98%         4
 Metabolic Englaciation   Hex/Ice        3%         N/A       99%         5
 Yara's Violent Unravell  Hex/Tmut       3%         3d4       99%         5


Dungeon Overview and Level Annotations

Branches:
Dungeon (7/15)             Temple (1/1) D:7

Altars:
Ashenzari
Cheibriados
Elyvilon
Fedhas
Gozag
Hepliaklqana
Kikubaaqudgha
Makhleb
Nemelex Xobeh
Okawaru
Qazlal
Ru
Sif Muna
Trog
Uskayaw
Vehumet
Wu Jian
Xom
Zin
The Shining One

Shops:
D:3 *

Annotations:
D:6 exclusion: hornet


Innate Abilities, Weirdness & Mutations

Your natural rate of healing is unusually fast.
You have razor-sharp teeth.
You have supernaturally acute eyesight. (SInv)
You can survive without breathing.
You are afflicted with vampirism and can become a bat while bloodless.


Message History

You hit the wraith but do no damage. You bite the wraith, but do no damage.
The wraith is almost destroyed.
The wraith hits you.
* * * LOW HITPOINT WARNING * * *
You hit the wraith but do no damage.
The wraith is almost destroyed.
The wraith hits you but does no damage. The wraith closely misses you.
You hit the wraith but do no damage.
The wraith is almost destroyed.
The wraith hits you but does no damage.
You completely miss the wraith.
The wraith is almost destroyed.
The wraith barely misses you. The wraith hits you!
* * * LOW HITPOINT WARNING * * *
You barely miss the wraith. Your bite misses the wraith.
The wraith is almost destroyed.
The wraith hits you but does no damage. The wraith hits you.
* * * LOW HITPOINT WARNING * * *
The wraith drains your vigour!
You feel as though you will be slow longer.
You hit the wraith but do no damage.
The wraith is almost destroyed.
The wraith misses you. The wraith completely misses you.
You hit the wraith.
The wraith is almost destroyed.
The wraith barely misses you.
You closely miss the wraith.
The wraith is almost destroyed.
The wraith closely misses you. The wraith misses you.
You barely miss the wraith.
The wraith is almost destroyed.
The wraith hits you but does no damage.
You closely miss the wraith. You bite the wraith.
The wraith is almost destroyed.
The wraith hits you!
You die...

######†..##....#
.......[.......#
.........##...##
.........##...#######
8...................#
⌠...................#
....................#
#...#######.####.########
######.####.####@####...#
# ............W.......# #
....................# #
....................# #
.........[..........# #
....................# #
....................#
..<.................#
.####...##...##...###


You could see a wraith.

Vanquished Creatures
  Pikel (D:6)
  Maggie (D:7)
  A necrophage (D:4)
  A sky beast (D:6)
  2 ice beasts (D:6)
  2 ogres
  A centaur (D:6)
  Blork the orc (D:5)
  2 bullfrogs (D:7)
  A centaur zombie (D:6)
  2 centaur skeletons (D:4)
  2 jellies
  4 hounds
  An orc priest (D:5)
  An iguana (D:6)
  A hound zombie (D:5)
  A hound skeleton (D:4)
  3 adders
  2 shadow imps (D:5)
  A white imp (D:6)
  2 ufetubi
  An adder skeleton (D:4)
  8 orcs
  2 bats
  10 endoplasms
  6 giant cockroaches
  7 goblins
  10 hobgoblins
  7 jackals
  6 kobolds
  5 quokkas
  7 ball pythons
  6 frilled lizards
  7 rats
115 creatures vanquished.

Vanquished Creatures (collateral kills)
  A jelly (D:4)
  A hound (D:4)
  An adder (D:4)
  An orc (D:4)
4 creatures vanquished.

Vanquished Creatures (others)
  2 plants (D:3)
2 creatures vanquished.

Grand Total: 121 creatures vanquished

Notes
Turn   | Place    | Note
-------+----------+-------------------------------------------
     0 | D:5      | BlueFish the Vampire Delver began the quest for the Orb.
     0 | D:5      | Reached XP level 1. HP: 17/17 MP: 1/1
     6 | D:5      | Found a blossoming altar of Fedhas.
    14 | D:5      | Noticed an ice beast
    25 | D:4      | Found a snail-covered altar of Cheibriados.
    25 | D:4      | Found a sacrificial altar of Ru.
    25 | D:4      | Found a hide-covered altar of Uskayaw.
    25 | D:4      | Noticed a necrophage
    87 | D:1      | You fall into a shaft and drop 1 floor!
   251 | D:1      | Reached XP level 2. HP: 17/23 MP: 2/2
   820 | D:1      | Gained mutation: You are afflicted with vampirism and can
                  | become a bat while bloodless. [Vampire growth]
   820 | D:1      | Reached XP level 3. HP: 28/28 MP: 3/3
  1154 | D:2      | Found a stormy altar of Qazlal.
  1164 | D:2      | Reached skill level 8 in Stealth
  1629 | D:3      | Found a hazy altar of Hepliaklqana.
  1639 | D:3      | Reached XP level 4. HP: 31/35 MP: 4/4
  1660 | D:3      | Found a faded altar of an unknown god.
  1926 | D:3      | Found Dufiyly's General Store.
  2156 | D:4      | Found a stormy altar of Qazlal.
  2212 | D:4      | Reached XP level 5. HP: 11/41 MP: 5/5
  2390 | D:4      | Reached skill level 1 in Armour
  2612 | D:4      | Reached XP level 6. HP: 40/47 MP: 6/6
  3023 | D:4      | Reached skill level 5 in Short Blades
  3023 | D:4      | Reached skill level 9 in Stealth
  3202 | D:4      | Learned a level 3 spell: Confusing Touch
  3377 | D:5      | Noticed a yak
  3377 | D:5      | Noticed a yak
  3377 | D:5      | Noticed a yak
  3378 | D:5      | Noticed a yak
  3382 | D:5      | Reached XP level 7. HP: 53/53 MP: 7/7
  3662 | D:5      | Noticed Blork the orc
  3669 | D:5      | Killed Blork the orc
  3760 | D:5      | Reached skill level 1 in Hexes
  3941 | D:6      | Noticed Pikel
  3943 | D:6      | Killed Pikel
  3944 | D:6      | Reached skill level 1 in Spellcasting
  3944 | D:6      | Reached XP level 8. HP: 60/60 MP: 7/10
  4280 | D:6      | Reached skill level 10 in Stealth
  4504 | D:6      | Noticed a hornet
  5029 | D:7      | Found a staircase to the Ecumenical Temple.
  5050 | Temple   | Entered the Ecumenical Temple
  5167 | D:7      | Noticed Maggie
  5194 | D:7      | Killed Maggie
  5197 | D:7      | Reached skill level 5 in Dodging
  5461 | D:7      | Reached XP level 9. HP: 47/67 MP: 12/12
  5471 | D:7      | Reached skill level 5 in Fighting
  5505 | D:7      | HP: 1/68 [wraith (9)]
  5518 | D:7      | HP: 2/68 [wraith (10)]
  5530 | D:7      | Slain by a wraith

Illustrated notes

Levels and vault maps discovered:
D:1:      wander_arrival_lonely_grave, layout_loops_corners
D:2:      layout_loops_ring, basic_altar
D:3:      layout_rooms, nicolae_hepliaklqana_hazy_memory,
          hellmonk_ecumenical_altar_blasted, serial_shops, shop_fountains
D:4:      layout_cave_pools, chequers_temple_overflow_statue_of_worship,
          grunt_qazlal_clouds, kennysheep_potato
D:5:      layout_rooms, amcnicky_altar_gilded, uniq_blork_the_orc
D:6:      layout_loops_ring, uniq_pikel
D:7:      layout_gridville, minmay_temple_entry_drinking_statues,
          grunt_ministairs_6, uniq_maggie
Temple:   cyrus_circular_temple

Skill      XL: |  1  2  3  4  5  6  7  8  9 |
---------------+----------------------------+-----
Short Blades   | 3 4 5 6 7 |  7.7
Stealth        | 8 9 10 | 10.5
Fighting       | 3 4 5 |  5.0
Armour         | 1 2 |  2.6
Dodging        | 3 4 5 |  5.0
Hexes          | 2 3 4 |  4.0
Spellcasting   | 1 2 |  2.5

Action                   |  1- 3 |  4- 6 |  7- 9 || total
-------------------------+-------+-------+-------++-------
Melee: Short sword       |   140 |   173 |   235 ||   548
       Bite              |    15 |    17 |    30 ||    62
  Use: Scroll            |       |     8 |     5 ||    13
       Potion            |       |       |     4 ||     4
 Stab: Sleeping          |    18 |     6 |     7 ||    31
       Distracted        |       |     1 |       ||     1
Armor: Leather armour    |    42 |    61 |    39 ||   142
       Acid dragon scale |       |       |    17 ||    17
Dodge: Dodged            |   122 |   128 |   125 ||   375

Table legend: (Time is in decaauts)
 A = Elapsed time spent in this place.
 B = Non-inter-level travel time spent in this place.
 C = Inter-level travel time spent in this place.
 D = Time resting spent in this place.
 E = Time spent auto-exploring this place.
 F = Levels seen in this place.
 G = Mean time per level.
                   A        B        C        D        E       F      G
               +--------+--------+--------+--------+--------+-----+--------+
         Total |   5468 |   5238 |    230 |     22 |   3766 |   8 |  683.5 |
       Dungeon |   5395 |   5165 |    230 |     22 |   3725 |   7 |  770.7 |
        Temple |     72 |     72 |      0 |      0 |     41 |   1 |   72.0 |
               +--------+--------+--------+--------+--------+-----+--------+

Top non-repeatable levels by time:
     D:4: 1179 daAuts
     D:6: 1012 daAuts
     D:1: 798 daAuts
     D:2: 755 daAuts
     D:3: 640 daAuts
     D:5: 528 daAuts
     D:7: 480 daAuts
  Temple: 72 daAuts
